Flames vs Predators

Created - March 4 2012 at 13:04

Goals
1 2 3 T
Flames 1 1 1 3
Predators 3 2 2 7
Shots
1 2 3 T
Flames 11 6 14 31
Predators 11 10 12 33

Period #1

1. Predators , Jeff Carter 45 (Nicklas Backstrom, Brent Burns) at 5:20 (PP)
2. Predators , Jeff Carter 46 (Brent Burns, Nicklas Backstrom) at 5:53 (PP)
3. Flames , Ryan Kesler 45 (Mikael Samuelsson, Dan Boyle) at 10:24
4. Predators , Mikhail Grabovski 24 (Jeff Carter, Brent Burns) at 15:26

Penalties :
Dustin Brown (CGY) for Checking from behind (Major / Game Misconduct) at 3:29, Niklas Kronwall (CGY) for Tripping (Minor) at 16:17, Francis Bouillon (NSH) for Hooking (Minor) at 18:30

Period #2

5. Predators , Steven Stamkos 51 (Chad LaRose, Zbynek Michalek) at 2:05
6. Flames , Andrew MacDonald 9 (Ryan Kesler, David Jones) at 5:46 (PP)
7. Predators , Steven Stamkos 52 (Chad LaRose) at 15:07

Penalties :
Steven Stamkos (NSH) for Hooking (Minor) at 4:12, Francis Bouillon (NSH) for Interference (Minor) at 5:20, Shea Weber (NSH) for Roughing (Minor) at 7:49, Devin Setoguchi (CGY) for Holding (Minor) at 12:05, Toni Lydman (CGY) for Tripping (Minor) at 15:21, Marian Gaborik (NSH) for Hooking (Minor) at 18:20

Period #3

8. Predators , Jeff Carter 47 (Nicklas Backstrom, Brent Burns) at 2:17 (PP)
9. Predators , Braydon Coburn 10 (Steven Stamkos, Shea Weber) at 6:32 (PP)
10. Flames , Pierre-Marc Bouchard 13 (Brenden Morrow, Ryan Kesler) at 17:40 (PP)

Penalties :
Andrew MacDonald (CGY) for Roughing (Minor) at 0:41, Dan Hamhuis (CGY) for Hooking (Minor) at 5:48, Max Pacioretty (NSH) for Hooking (Minor) at 16:01, Brent Burns (NSH) for Slashing (Minor) at 16:54

Goalie Stats

Chris Mason (CGY), 19 saves from 23 shots - (0.826), L, 8-4-2, 44:34 minutes
Tim Thomas (CGY), 7 saves from 10 shots - (0.700), 15:26 minutes
Pekka Rinne (NSH), 28 saves from 31 shots - (0.903), W, 32-17-4, 60:00 minutes

Players Stats

Flames
Player Name              G  A  P  +/- PIM S  H  SB FO    MP 
------------------------------------------------------------
Andrew MacDonald         1  0  1  -2  2   4  0  0  0/0   18 
Anze Kopitar             0  0  0  -1  0   3  0  0  17/40 23 
Brenden Morrow           0  1  1   1  0   1  0  1  0/3   22 
Carl Gunnarsson          0  0  0   0  0   0  1  0  0/0   5  
Dan Boyle                0  1  1   1  0   2  1  0  0/0   23 
Dan Hamhuis              0  0  0  -1  2   0  2  2  0/0   19 
David Jones              0  1  1  -2  0   4  3  0  1/6   22 
Devin Setoguchi          0  0  0  -1  2   0  2  0  1/2   10 
Dustin Brown             0  0  0   0  15  2  0  0  0/0   1  
Jack Johnson             0  0  0  -2  0   1  2  0  0/0   18 
Jiri Hudler              0  0  0   0  0   0  0  0  0/0   1  
Michael Grabner          0  0  0  -1  0   2  0  0  0/0   17 
Mikael Samuelsson        0  1  1   1  0   1  0  0  0/1   17 
Niklas Kronwall          0  0  0   1  2   2  0  2  0/0   21 
Pierre-Marc Bouchard     1  0  1  -2  0   4  0  0  0/3   18 
Ryan Kesler              1  2  3   1  0   5  3  1  19/34 23 
Tomas Kopecky            0  0  0  -2  0   0  1  0  7/11  12 
Toni Lydman              0  0  0  -1  2   0  3  0  0/0   16 
Predators
Player Name              G  A  P  +/- PIM S  H  SB FO    MP 
------------------------------------------------------------
Brandon Prust            0  0  0   0  0   0  1  0  1/1   10 
Braydon Coburn           1  0  1   1  0   4  0  1  0/0   22 
Brent Burns              0  4  4   1  2   3  1  2  0/0   23 
Chad LaRose              0  2  2   1  0   0  2  0  0/1   14 
Chris Neil               0  0  0   0  0   0  1  0  2/3   10 
Francis Bouillon         0  0  0   1  4   0  2  0  0/0   9  
Jeff Carter              3  1  4   1  0   6  0  1  1/2   21 
Marian Gaborik           0  0  0   0  2   4  2  0  0/0   14 
Max Pacioretty           0  0  0   1  2   2  0  0  1/3   13 
Mikhail Grabovski        1  0  1   1  0   2  0  0  13/23 17 
Nicklas Backstrom        0  3  3   1  0   2  0  0  10/23 18 
Patric Hornqvist         0  0  0   0  0   1  2  0  1/2   9  
Paul Gaustad             0  0  0   0  0   0  0  0  14/18 15 
Shea Weber               0  1  1   0  2   1  4  0  0/0   25 
Steven Stamkos           2  1  3   1  2   8  1  0  5/13  20 
T.J. Galiardi            0  0  0   0  0   0  0  0  7/11  7  
Tomas Kaberle            0  0  0   0  0   0  0  1  0/0   23 
Zbynek Michalek          0  1  1   1  0   0  0  0  0/0   17 

3 Stars

1 - Jeff Carter (NSH)
2 - Ryan Kesler (CGY)
3 - Steven Stamkos (NSH)

Power Play

Flames - 2 on 7 Attempt(s) - 28.57%
Predators - 4 on 6 Attempt(s) - 66.67%

Penalty Kill

Flames - 2 on 6 Attempt(s) - 33.33% - Score 0 goal in Penalty Kill
Predators - 5 on 7 Attempt(s) - 71.43% - Score 0 goal in Penalty Kill

Game Notes

Dustin Brown ejected from game at 3:29 of 1st period
Chris Mason enters game at 15:26 of 1st period
Jeff Carter has scored a Hat Trick!

Finance

Level 1 -- Attendance: 6500 (100.00%) -- Ticket Income $520,000.00
Level 2 -- Attendance: 5000 (100.00%) -- Ticket Income $260,000.00
Level 3 -- Attendance: 3500 (100.00%) -- Ticket Income $105,000.00
Level 4 -- Attendance: 1113 (100.00%) -- Ticket Income $22,260.00
Luxury Box -- Attendance: 1000 (100.00%) -- Ticket Income $135,000.00
Game was played at the Bridgestone Arena
Total Attendance: 17113 (100.00%)
Total Ticket Income: $1,131,285.00
Other Income: $214,884.00
Total Income: $1,346,169.00


Play by Play

Period #1

0:01 of 1st period - Ryan Kesler wins face-off versus Nicklas Backstrom in neutral zone.
0:08 of 1st period - Shot by Brenden Morrow.
0:08 of 1st period - Shot Hit the Post.
0:10 of 1st period - Shot by Niklas Kronwall.
0:10 of 1st period - Stopped by Pekka Rinne with a rebound.
0:14 of 1st period - Shot by Ryan Kesler.
0:14 of 1st period - Stopped by Pekka Rinne without a rebound.
0:15 of 1st period - Anze Kopitar wins face-off versus Jeff Carter in Predators zone.
0:18 of 1st period - Shot by Dustin Brown.
0:18 of 1st period - Stopped by Pekka Rinne without a rebound.
0:19 of 1st period - Mikhail Grabovski wins face-off versus David Jones in Predators zone.
0:19 of 1st period - Mikhail Grabovski is hit by David Jones.
0:45 of 1st period - Shot by Pierre-Marc Bouchard.
0:45 of 1st period - Stopped by Pekka Rinne without a rebound.
0:46 of 1st period - Ryan Kesler wins face-off versus Nicklas Backstrom in Predators zone.
1:31 of 1st period - Shot by Marian Gaborik.
1:31 of 1st period - Shot Misses the Net.
2:00 of 1st period - Shot by Dustin Brown.
2:00 of 1st period - Stopped by Pekka Rinne with a rebound.
2:02 of 1st period - Shot by Anze Kopitar.
2:02 of 1st period - Stopped by Pekka Rinne without a rebound.
2:03 of 1st period - Tomas Kopecky wins face-off versus Mikhail Grabovski in Predators zone.
2:40 of 1st period - Steven Stamkos is hit by Jack Johnson and loses puck.
2:48 of 1st period - Off-side.
2:49 of 1st period - Chris Neil wins face-off versus Anze Kopitar in neutral zone.
2:58 of 1st period - Dan Hamhuis is hit by Shea Weber and loses puck.
3:06 of 1st period - Paul Gaustad is hit by Toni Lydman.
3:29 of 1st period - Major / Game Misconduct Penalty to Dustin Brown for Checking from behind.
3:29 of 1st period - Dustin Brown is ejected from game.
3:30 of 1st period - Anze Kopitar wins face-off versus Nicklas Backstrom in Flames zone.
4:17 of 1st period - Shot by Steven Stamkos.
4:17 of 1st period - Shot Misses the Net.
4:19 of 1st period - Shot by Marian Gaborik.
4:19 of 1st period - Stopped by Tim Thomas with a rebound.
4:25 of 1st period - Shot by Shea Weber.
4:25 of 1st period - Deflect By Marian Gaborik.
4:25 of 1st period - Stopped by Tim Thomas without a rebound.
4:26 of 1st period - Ryan Kesler wins face-off versus Mikhail Grabovski in Flames zone.
4:26 of 1st period - Ryan Kesler is hit by Marian Gaborik.
4:36 of 1st period - Dan Hamhuis is hit by Steven Stamkos and loses puck.
4:46 of 1st period - Icing by Steven Stamkos.
4:47 of 1st period - Mikhail Grabovski wins face-off versus David Jones in Predators zone.
5:20 of 1st period - Shot by Jeff Carter.
5:20 of 1st period - Goal by Jeff Carter - Flames : 0 - Predators : 1.
5:21 of 1st period - Nicklas Backstrom wins face-off versus Mikael Samuelsson in neutral zone.
5:24 of 1st period - Shot by Brent Burns.
5:24 of 1st period - Stopped by Tim Thomas without a rebound.
5:25 of 1st period - Mikhail Grabovski wins face-off versus Ryan Kesler in Flames zone.
5:38 of 1st period - Shot by Shea Weber.
5:38 of 1st period - Stopped by Tim Thomas without a rebound.
5:39 of 1st period - Nicklas Backstrom wins face-off versus Ryan Kesler in Flames zone.
5:53 of 1st period - Shot by Jeff Carter.
5:53 of 1st period - Goal by Jeff Carter - Flames : 0 - Predators : 2.
5:54 of 1st period - Mikhail Grabovski wins face-off versus Anze Kopitar in neutral zone.
6:29 of 1st period - Shot by Anze Kopitar.
6:29 of 1st period - Stopped by Pekka Rinne without a rebound.
6:30 of 1st period - Ryan Kesler wins face-off versus Nicklas Backstrom in Predators zone.
6:56 of 1st period - Shot by Tomas Kaberle.
6:56 of 1st period - Shot Misses the Net.
6:58 of 1st period - Shot by Jeff Carter.
6:58 of 1st period - Shot Blocked by Dan Hamhuis.
7:00 of 1st period - Shot by Brent Burns.
7:00 of 1st period - Shot Misses the Net.
7:02 of 1st period - Shot by Max Pacioretty.
7:02 of 1st period - Stopped by Tim Thomas without a rebound.
7:03 of 1st period - Anze Kopitar wins face-off versus Mikhail Grabovski in Flames zone.
7:31 of 1st period - Shot by Shea Weber.
7:31 of 1st period - Shot Misses the Net.
8:38 of 1st period - David Jones is hit by Francis Bouillon and loses puck.
8:51 of 1st period - Shot by David Jones.
8:51 of 1st period - Shot Misses the Net.
9:19 of 1st period - Paul Gaustad is hit by Tomas Kopecky and loses puck.
9:51 of 1st period - Nicklas Backstrom is hit by Dan Hamhuis and loses puck.
9:56 of 1st period - Shot by Jeff Carter.
9:56 of 1st period - Shot Misses the Net.
9:58 of 1st period - Shot by Nicklas Backstrom.
9:58 of 1st period - Shot Misses the Net.
10:00 of 1st period - Shot by Mikhail Grabovski.
10:00 of 1st period - Deflect By Jeff Carter.
10:00 of 1st period - Stopped by Tim Thomas without a rebound.
10:01 of 1st period - Steven Stamkos wins face-off versus Brenden Morrow in Flames zone.
10:02 of 1st period - Shot by Max Pacioretty.
10:02 of 1st period - Deflect By Steven Stamkos.
10:02 of 1st period - Stopped by Tim Thomas without a rebound.
10:03 of 1st period - Ryan Kesler wins face-off versus Steven Stamkos in Flames zone.
10:24 of 1st period - Shot by Ryan Kesler.
10:24 of 1st period - Goal by Ryan Kesler - Flames : 1 - Predators : 2.
10:25 of 1st period - Anze Kopitar wins face-off versus Nicklas Backstrom in neutral zone.
10:52 of 1st period - Shot by Pierre-Marc Bouchard.
10:52 of 1st period - Shot Misses the Net.
10:56 of 1st period - Shot by Michael Grabner.
10:56 of 1st period - Shot Blocked by Brent Burns.
11:35 of 1st period - Ryan Kesler is hit by Brent Burns and loses puck.
11:58 of 1st period - Shea Weber is hit by David Jones and loses puck.
12:22 of 1st period - Icing by Tomas Kaberle.
12:23 of 1st period - Paul Gaustad wins face-off versus Anze Kopitar in Predators zone.
12:25 of 1st period - Icing by Tomas Kaberle.
12:26 of 1st period - Anze Kopitar wins face-off versus Paul Gaustad in Predators zone.
12:57 of 1st period - Shot by Devin Setoguchi.
12:57 of 1st period - Shot Blocked by Tomas Kaberle.
14:17 of 1st period - Andrew MacDonald is hit by Chad LaRose and loses puck.
15:06 of 1st period - Shot by Mikhail Grabovski.
15:06 of 1st period - Shot Misses the Net.
15:26 of 1st period - Shot by Mikhail Grabovski.
15:26 of 1st period - Goal by Mikhail Grabovski - Flames : 1 - Predators : 3.
15:26 of 1st period - Chris Mason enters game.
15:27 of 1st period - Anze Kopitar wins face-off versus Steven Stamkos in neutral zone.
15:47 of 1st period - Shot by Michael Grabner.
15:47 of 1st period - Stopped by Pekka Rinne without a rebound.
15:48 of 1st period - Ryan Kesler wins face-off versus Steven Stamkos in Predators zone.
15:51 of 1st period - Shot by Mikael Samuelsson.
15:51 of 1st period - Stopped by Pekka Rinne without a rebound.
15:52 of 1st period - Nicklas Backstrom wins face-off versus Ryan Kesler in Predators zone.
15:52 of 1st period - Patric Hornqvist is hit by Ryan Kesler and loses puck.
15:56 of 1st period - Icing by Braydon Coburn.
15:57 of 1st period - Nicklas Backstrom wins face-off versus Ryan Kesler in Predators zone.
16:17 of 1st period - Minor Penalty to Niklas Kronwall for Tripping.
16:18 of 1st period - Ryan Kesler wins face-off versus Mikhail Grabovski in Flames zone.
16:47 of 1st period - Shot by Braydon Coburn.
16:47 of 1st period - Stopped by Chris Mason without a rebound.
16:48 of 1st period - Nicklas Backstrom wins face-off versus Anze Kopitar in Flames zone.
16:48 of 1st period - Nicklas Backstrom is hit by Carl Gunnarsson.
17:36 of 1st period - Steven Stamkos is hit by Ryan Kesler and loses puck.
17:58 of 1st period - Icing by Braydon Coburn.
17:59 of 1st period - Mikhail Grabovski wins face-off versus Anze Kopitar in Predators zone.
18:21 of 1st period - Icing by Zbynek Michalek.
18:22 of 1st period - Tomas Kopecky wins face-off versus Max Pacioretty in Predators zone.
18:30 of 1st period - Minor Penalty to Francis Bouillon for Hooking.
18:31 of 1st period - Anze Kopitar wins face-off versus T.J. Galiardi in Predators zone.
19:25 of 1st period - Off-side.
19:26 of 1st period - Paul Gaustad wins face-off versus Ryan Kesler in neutral zone.
19:55 of 1st period - Shot by Ryan Kesler.
19:55 of 1st period - Stopped by Pekka Rinne without a rebound.
19:56 of 1st period - T.J. Galiardi wins face-off versus Pierre-Marc Bouchard in Predators zone.

Period #2

0:01 of 2nd period - Paul Gaustad wins face-off versus Anze Kopitar in neutral zone.
1:16 of 2nd period - Off-side.
1:17 of 2nd period - Mikhail Grabovski wins face-off versus Ryan Kesler in neutral zone.
1:19 of 2nd period - Steven Stamkos is hit by Dan Boyle and loses puck.
1:46 of 2nd period - Off-side.
1:47 of 2nd period - Devin Setoguchi wins face-off versus Steven Stamkos in neutral zone.
1:49 of 2nd period - Anze Kopitar is hit by Chad LaRose.
1:59 of 2nd period - Shot by Steven Stamkos.
1:59 of 2nd period - Stopped by Chris Mason with a rebound.
2:01 of 2nd period - Shot by Chad LaRose.
2:01 of 2nd period - Shot Misses the Net.
2:05 of 2nd period - Shot by Steven Stamkos.
2:05 of 2nd period - Goal by Steven Stamkos - Flames : 1 - Predators : 4.
2:06 of 2nd period - Paul Gaustad wins face-off versus Anze Kopitar in neutral zone.
2:50 of 2nd period - Niklas Kronwall is hit by Shea Weber and loses puck.
3:26 of 2nd period - Niklas Kronwall is hit by Chris Neil and loses puck.
3:45 of 2nd period - Shot by Jeff Carter.
3:45 of 2nd period - Shot Misses the Net.
4:02 of 2nd period - Icing by Brent Burns.
4:03 of 2nd period - Mikhail Grabovski wins face-off versus Anze Kopitar in Predators zone.
4:09 of 2nd period - Steven Stamkos is hit by David Jones.
4:12 of 2nd period - Minor Penalty to Steven Stamkos for Hooking.
4:13 of 2nd period - T.J. Galiardi wins face-off versus Anze Kopitar in Predators zone.
5:20 of 2nd period - Minor Penalty to Francis Bouillon for Interference.
5:21 of 2nd period - T.J. Galiardi wins face-off versus Brenden Morrow in Predators zone.
5:46 of 2nd period - Shot by Andrew MacDonald.
5:46 of 2nd period - Goal by Andrew MacDonald - Flames : 2 - Predators : 4.
5:47 of 2nd period - Paul Gaustad wins face-off versus Anze Kopitar in neutral zone.
5:53 of 2nd period - Icing by Pierre-Marc Bouchard.
5:54 of 2nd period - Paul Gaustad wins face-off versus Anze Kopitar in Flames zone.
6:00 of 2nd period - Icing by Niklas Kronwall.
6:01 of 2nd period - T.J. Galiardi wins face-off versus Anze Kopitar in Flames zone.
6:04 of 2nd period - Shot by Chad LaRose.
6:04 of 2nd period - Shot Blocked by Niklas Kronwall.
6:29 of 2nd period - Icing by Anze Kopitar.
6:30 of 2nd period - Anze Kopitar wins face-off versus T.J. Galiardi in Flames zone.
7:39 of 2nd period - Shea Weber is hit by Devin Setoguchi and loses puck.
7:49 of 2nd period - Minor Penalty to Shea Weber for Roughing.
7:50 of 2nd period - Paul Gaustad wins face-off versus Pierre-Marc Bouchard in Predators zone.
8:11 of 2nd period - Shot by Dan Boyle.
8:11 of 2nd period - Shot Misses the Net.
8:13 of 2nd period - Shot by Pierre-Marc Bouchard.
8:13 of 2nd period - Stopped by Pekka Rinne without a rebound.
8:14 of 2nd period - T.J. Galiardi wins face-off versus Ryan Kesler in Predators zone.
9:43 of 2nd period - Shot by Andrew MacDonald.
9:43 of 2nd period - Shot Misses the Net.
9:45 of 2nd period - Shot by Jack Johnson.
9:45 of 2nd period - Stopped by Pekka Rinne without a rebound.
9:46 of 2nd period - Anze Kopitar wins face-off versus Nicklas Backstrom in Predators zone.
9:50 of 2nd period - Anze Kopitar is hit by Shea Weber and loses puck.
10:52 of 2nd period - Shot by Steven Stamkos.
10:52 of 2nd period - Shot Misses the Net.
10:54 of 2nd period - Shot by Steven Stamkos.
10:54 of 2nd period - Stopped by Chris Mason with a rebound.
10:56 of 2nd period - Shot by Jeff Carter.
10:56 of 2nd period - Shot Misses the Net.
10:58 of 2nd period - Shot by Brent Burns.
10:58 of 2nd period - Shot Blocked by Dan Hamhuis.
11:00 of 2nd period - Shot by Jeff Carter.
11:00 of 2nd period - Shot Misses the Net.
11:02 of 2nd period - Shot by Brent Burns.
11:02 of 2nd period - Stopped by Chris Mason without a rebound.
11:03 of 2nd period - David Jones wins face-off versus Steven Stamkos in Flames zone.
12:05 of 2nd period - Minor Penalty to Devin Setoguchi for Holding.
12:06 of 2nd period - Mikhail Grabovski wins face-off versus Ryan Kesler in Flames zone.
12:33 of 2nd period - Shot by Mikhail Grabovski.
12:33 of 2nd period - Stopped by Chris Mason without a rebound.
12:34 of 2nd period - Nicklas Backstrom wins face-off versus Anze Kopitar in Flames zone.
12:39 of 2nd period - Shot by Jeff Carter.
12:39 of 2nd period - Deflect By Patric Hornqvist.
12:39 of 2nd period - Stopped by Chris Mason with a rebound.
12:43 of 2nd period - Shot by Nicklas Backstrom.
12:43 of 2nd period - Shot Misses the Net.
12:47 of 2nd period - Shot by Brent Burns.
12:47 of 2nd period - Stopped by Chris Mason without a rebound.
12:48 of 2nd period - Mikhail Grabovski wins face-off versus Ryan Kesler in Flames zone.
13:17 of 2nd period - Shot by Jeff Carter.
13:17 of 2nd period - Shot Misses the Net.
13:19 of 2nd period - Shot by Braydon Coburn.
13:19 of 2nd period - Stopped by Chris Mason without a rebound.
13:20 of 2nd period - Anze Kopitar wins face-off versus Nicklas Backstrom in Flames zone.
13:42 of 2nd period - Icing by Nicklas Backstrom.
13:43 of 2nd period - Anze Kopitar wins face-off versus Nicklas Backstrom in Predators zone.
14:53 of 2nd period - Icing by Jack Johnson.
14:54 of 2nd period - Steven Stamkos wins face-off versus Tomas Kopecky in Flames zone.
15:07 of 2nd period - Shot by Steven Stamkos.
15:07 of 2nd period - Goal by Steven Stamkos - Flames : 2 - Predators : 5.
15:08 of 2nd period - Steven Stamkos wins face-off versus Ryan Kesler in neutral zone.
15:10 of 2nd period - Off-side.
15:11 of 2nd period - Mikhail Grabovski wins face-off versus Anze Kopitar in neutral zone.
15:21 of 2nd period - Minor Penalty to Toni Lydman for Tripping.
15:22 of 2nd period - Mikhail Grabovski wins face-off versus Anze Kopitar in Flames zone.
15:25 of 2nd period - Shot by Shea Weber.
15:25 of 2nd period - Shot Misses the Net.
15:27 of 2nd period - Shot by Steven Stamkos.
15:27 of 2nd period - Stopped by Chris Mason without a rebound.
15:28 of 2nd period - Ryan Kesler wins face-off versus Mikhail Grabovski in Flames zone.
16:02 of 2nd period - Shea Weber is hit by Ryan Kesler and loses puck.
17:40 of 2nd period - Icing by Tomas Kopecky.
17:41 of 2nd period - Nicklas Backstrom wins face-off versus Tomas Kopecky in Flames zone.
17:44 of 2nd period - Shot by Chad LaRose.
17:44 of 2nd period - Shot Misses the Net.
17:49 of 2nd period - Off-side.
17:50 of 2nd period - Paul Gaustad wins face-off versus David Jones in neutral zone.
18:01 of 2nd period - Icing by Dan Hamhuis.
18:02 of 2nd period - Anze Kopitar wins face-off versus Chad LaRose in Flames zone.
18:10 of 2nd period - Off-side.
18:11 of 2nd period - Ryan Kesler wins face-off versus Patric Hornqvist in neutral zone.
18:11 of 2nd period - Dan Boyle is hit by Patric Hornqvist.
18:20 of 2nd period - Minor Penalty to Marian Gaborik for Hooking.
18:21 of 2nd period - T.J. Galiardi wins face-off versus Anze Kopitar in Predators zone.
18:46 of 2nd period - Shot by Michael Grabner.
18:46 of 2nd period - Stopped by Pekka Rinne with a rebound.
18:50 of 2nd period - Shot by Pierre-Marc Bouchard.
18:50 of 2nd period - Shot Misses the Net.
18:52 of 2nd period - Shot by Dan Boyle.
18:52 of 2nd period - Stopped by Pekka Rinne without a rebound.
18:53 of 2nd period - Paul Gaustad wins face-off versus Ryan Kesler in Predators zone.
19:11 of 2nd period - David Jones is hit by Shea Weber and loses puck.
19:52 of 2nd period - Shot by Dan Boyle.
19:52 of 2nd period - Shot Misses the Net.
19:54 of 2nd period - Shot by Anze Kopitar.
19:54 of 2nd period - Shot Blocked by Brent Burns.
19:56 of 2nd period - Shot by Anze Kopitar.
19:56 of 2nd period - Shot Misses the Net.
19:58 of 2nd period - Shot by Anze Kopitar.
19:58 of 2nd period - Stopped by Pekka Rinne without a rebound.
19:59 of 2nd period - Paul Gaustad wins face-off versus Anze Kopitar in Predators zone.

Period #3

0:01 of 3rd period - Paul Gaustad wins face-off versus Anze Kopitar in neutral zone.
0:41 of 3rd period - Minor Penalty to Andrew MacDonald for Roughing.
0:42 of 3rd period - Ryan Kesler wins face-off versus Mikhail Grabovski in Flames zone.
0:53 of 3rd period - Shot by Marian Gaborik.
0:53 of 3rd period - Stopped by Chris Mason without a rebound.
0:54 of 3rd period - Ryan Kesler wins face-off versus Max Pacioretty in Flames zone.
1:21 of 3rd period - Shot by Nicklas Backstrom.
1:21 of 3rd period - Stopped by Chris Mason without a rebound.
1:22 of 3rd period - Mikhail Grabovski wins face-off versus Ryan Kesler in Flames zone.
1:22 of 3rd period - Steven Stamkos is hit by Dan Hamhuis.
1:24 of 3rd period - Shot by Shea Weber.
1:24 of 3rd period - Shot Misses the Net.
1:28 of 3rd period - Shot by Steven Stamkos.
1:28 of 3rd period - Shot Misses the Net.
1:30 of 3rd period - Shot by Braydon Coburn.
1:30 of 3rd period - Shot Blocked by Ryan Kesler.
1:32 of 3rd period - Shot by Braydon Coburn.
1:32 of 3rd period - Stopped by Chris Mason without a rebound.
1:33 of 3rd period - Ryan Kesler wins face-off versus Mikhail Grabovski in Flames zone.
1:49 of 3rd period - Marian Gaborik is hit by Toni Lydman.
1:59 of 3rd period - Shot by Steven Stamkos.
1:59 of 3rd period - Shot Misses the Net.
2:01 of 3rd period - Shot by Steven Stamkos.
2:01 of 3rd period - Shot Hit the Post.
2:05 of 3rd period - Shot by Steven Stamkos.
2:05 of 3rd period - Stopped by Chris Mason with a rebound.
2:07 of 3rd period - Shot by Shea Weber.
2:07 of 3rd period - Deflect By Marian Gaborik.
2:07 of 3rd period - Stopped by Chris Mason without a rebound.
2:08 of 3rd period - Nicklas Backstrom wins face-off versus Anze Kopitar in Flames zone.
2:17 of 3rd period - Shot by Jeff Carter.
2:17 of 3rd period - Goal by Jeff Carter - Flames : 2 - Predators : 6.
2:18 of 3rd period - Tomas Kopecky wins face-off versus Steven Stamkos in neutral zone.
2:32 of 3rd period - Shot by Max Pacioretty.
2:32 of 3rd period - Stopped by Chris Mason without a rebound.
2:33 of 3rd period - Anze Kopitar wins face-off versus Paul Gaustad in Flames zone.
2:33 of 3rd period - Anze Kopitar is hit by Brandon Prust.
3:48 of 3rd period - Shot by Mikael Samuelsson.
3:48 of 3rd period - Shot Misses the Net.
3:50 of 3rd period - Shot by Ryan Kesler.
3:50 of 3rd period - Stopped by Pekka Rinne without a rebound.
3:51 of 3rd period - Tomas Kopecky wins face-off versus Steven Stamkos in Predators zone.
3:51 of 3rd period - Pierre-Marc Bouchard is hit by Francis Bouillon and loses puck.
3:58 of 3rd period - Shot by David Jones.
3:58 of 3rd period - Stopped by Pekka Rinne without a rebound.
3:59 of 3rd period - Nicklas Backstrom wins face-off versus David Jones in Predators zone.
4:24 of 3rd period - Shot by David Jones.
4:24 of 3rd period - Deflect By Pierre-Marc Bouchard.
4:24 of 3rd period - Stopped by Pekka Rinne with a rebound.
4:34 of 3rd period - David Jones is hit by Patric Hornqvist.
5:01 of 3rd period - Icing by Michael Grabner.
5:02 of 3rd period - Steven Stamkos wins face-off versus Devin Setoguchi in Flames zone.
5:33 of 3rd period - Shot by Steven Stamkos.
5:33 of 3rd period - Shot Misses the Net.
5:48 of 3rd period - Minor Penalty to Dan Hamhuis for Hooking.
5:49 of 3rd period - Anze Kopitar wins face-off versus Nicklas Backstrom in Flames zone.
6:08 of 3rd period - Shot by Nicklas Backstrom.
6:08 of 3rd period - Stopped by Chris Mason without a rebound.
6:09 of 3rd period - Mikhail Grabovski wins face-off versus Anze Kopitar in Flames zone.
6:22 of 3rd period - Shot by Shea Weber.
6:22 of 3rd period - Shot Misses the Net.
6:24 of 3rd period - Shot by Mikhail Grabovski.
6:24 of 3rd period - Deflect By Steven Stamkos.
6:24 of 3rd period - Shot Misses the Net.
6:26 of 3rd period - Shot by Shea Weber.
6:26 of 3rd period - Shot Blocked by Niklas Kronwall.
6:28 of 3rd period - Shot by Steven Stamkos.
6:28 of 3rd period - Shot Blocked by Brenden Morrow.
6:30 of 3rd period - Shot by Braydon Coburn.
6:30 of 3rd period - Shot Misses the Net.
6:32 of 3rd period - Shot by Braydon Coburn.
6:32 of 3rd period - Goal by Braydon Coburn - Flames : 2 - Predators : 7.
6:33 of 3rd period - Chris Neil wins face-off versus Tomas Kopecky in neutral zone.
6:56 of 3rd period - Off-side.
6:57 of 3rd period - Nicklas Backstrom wins face-off versus Pierre-Marc Bouchard in neutral zone.
7:06 of 3rd period - Shot by Max Pacioretty.
7:06 of 3rd period - Shot Misses the Net.
8:30 of 3rd period - Icing by Shea Weber.
8:31 of 3rd period - Paul Gaustad wins face-off versus Tomas Kopecky in Predators zone.
8:51 of 3rd period - Shot by David Jones.
8:51 of 3rd period - Stopped by Pekka Rinne without a rebound.
8:52 of 3rd period - Ryan Kesler wins face-off versus Nicklas Backstrom in Predators zone.
9:01 of 3rd period - Shot by Mikael Samuelsson.
9:01 of 3rd period - Shot Misses the Net.
9:05 of 3rd period - Shot by Brenden Morrow.
9:05 of 3rd period - Shot Misses the Net.
9:07 of 3rd period - Shot by Dan Boyle.
9:07 of 3rd period - Stopped by Pekka Rinne without a rebound.
9:08 of 3rd period - Tomas Kopecky wins face-off versus Steven Stamkos in Predators zone.
10:21 of 3rd period - Icing by Nicklas Backstrom.
10:22 of 3rd period - Ryan Kesler wins face-off versus Nicklas Backstrom in Predators zone.
10:26 of 3rd period - Icing by Tomas Kaberle.
10:27 of 3rd period - Patric Hornqvist wins face-off versus Anze Kopitar in Predators zone.
10:33 of 3rd period - Tomas Kaberle is hit by Toni Lydman and loses puck.
10:58 of 3rd period - Tomas Kaberle is hit by Devin Setoguchi and loses puck.
11:11 of 3rd period - Shot by Steven Stamkos.
11:11 of 3rd period - Shot Misses the Net.
11:21 of 3rd period - Shot by Steven Stamkos.
11:21 of 3rd period - Shot Misses the Net.
11:52 of 3rd period - Icing by Braydon Coburn.
11:53 of 3rd period - Ryan Kesler wins face-off versus Mikhail Grabovski in Predators zone.
12:18 of 3rd period - Icing by Dan Boyle.
12:19 of 3rd period - Ryan Kesler wins face-off versus Chris Neil in Flames zone.
12:57 of 3rd period - Zbynek Michalek is hit by Jack Johnson and loses puck.
13:01 of 3rd period - Icing by Andrew MacDonald.
13:02 of 3rd period - Tomas Kopecky wins face-off versus Nicklas Backstrom in Flames zone.
13:33 of 3rd period - Shot by Tomas Kopecky.
13:33 of 3rd period - Shot Misses the Net.
13:35 of 3rd period - Shot by David Jones.
13:35 of 3rd period - Shot Misses the Net.
13:37 of 3rd period - Shot by David Jones.
13:37 of 3rd period - Stopped by Pekka Rinne without a rebound.
13:38 of 3rd period - Jeff Carter wins face-off versus Anze Kopitar in Predators zone.
13:55 of 3rd period - Shot by Jeff Carter.
13:55 of 3rd period - Stopped by Chris Mason without a rebound.
13:56 of 3rd period - Brandon Prust wins face-off versus Anze Kopitar in Flames zone.
14:56 of 3rd period - Shot by Zbynek Michalek.
14:56 of 3rd period - Shot Misses the Net.
15:01 of 3rd period - Icing by Toni Lydman.
15:02 of 3rd period - Anze Kopitar wins face-off versus Mikhail Grabovski in Flames zone.
15:04 of 3rd period - Icing by Toni Lydman.
15:05 of 3rd period - Anze Kopitar wins face-off versus Mikhail Grabovski in Flames zone.
15:24 of 3rd period - Shot by Jeff Carter.
15:24 of 3rd period - Stopped by Chris Mason without a rebound.
15:25 of 3rd period - Tomas Kopecky wins face-off versus Nicklas Backstrom in Flames zone.
15:25 of 3rd period - Tomas Kopecky is hit by Marian Gaborik.
15:37 of 3rd period - Shot by Andrew MacDonald.
15:37 of 3rd period - Stopped by Pekka Rinne without a rebound.
15:38 of 3rd period - Max Pacioretty wins face-off versus Brenden Morrow in Predators zone.
15:43 of 3rd period - Shot by Steven Stamkos.
15:43 of 3rd period - Stopped by Chris Mason without a rebound.
15:44 of 3rd period - Paul Gaustad wins face-off versus Ryan Kesler in Flames zone.
15:58 of 3rd period - Icing by Dan Boyle.
15:59 of 3rd period - Steven Stamkos wins face-off versus Ryan Kesler in Flames zone.
16:01 of 3rd period - Minor Penalty to Max Pacioretty for Hooking.
16:02 of 3rd period - Ryan Kesler wins face-off versus T.J. Galiardi in Predators zone.
16:17 of 3rd period - Shot by Ryan Kesler.
16:17 of 3rd period - Shot Misses the Net.
16:21 of 3rd period - Shot by Jack Johnson.
16:21 of 3rd period - Shot Misses the Net.
16:23 of 3rd period - Shot by Brenden Morrow.
16:23 of 3rd period - Stopped by Pekka Rinne without a rebound.
16:24 of 3rd period - T.J. Galiardi wins face-off versus David Jones in Predators zone.
16:54 of 3rd period - Minor Penalty to Brent Burns for Slashing.
16:55 of 3rd period - Ryan Kesler wins face-off versus Paul Gaustad in Predators zone.
17:00 of 3rd period - Shot by David Jones.
17:00 of 3rd period - Stopped by Pekka Rinne with a rebound.
17:02 of 3rd period - Shot by Brenden Morrow.
17:02 of 3rd period - Deflect By Ryan Kesler.
17:02 of 3rd period - Stopped by Pekka Rinne with a rebound.
17:04 of 3rd period - Shot by Andrew MacDonald.
17:04 of 3rd period - Stopped by Pekka Rinne with a rebound.
17:08 of 3rd period - Shot by Brenden Morrow.
17:08 of 3rd period - Shot Misses the Net.
17:10 of 3rd period - Shot by Andrew MacDonald.
17:10 of 3rd period - Stopped by Pekka Rinne without a rebound.
17:11 of 3rd period - Ryan Kesler wins face-off versus Paul Gaustad in Predators zone.
17:40 of 3rd period - Shot by Pierre-Marc Bouchard.
17:40 of 3rd period - Goal by Pierre-Marc Bouchard - Flames : 3 - Predators : 7.
17:41 of 3rd period - Anze Kopitar wins face-off versus T.J. Galiardi in neutral zone.
18:11 of 3rd period - Shot by Niklas Kronwall.
18:11 of 3rd period - Shot Hit the Post.
18:13 of 3rd period - Shot by Niklas Kronwall.
18:13 of 3rd period - Stopped by Pekka Rinne without a rebound.
18:14 of 3rd period - Paul Gaustad wins face-off versus Ryan Kesler in Predators zone.
18:35 of 3rd period - Shot by Andrew MacDonald.
18:35 of 3rd period - Shot Misses the Net.
19:21 of 3rd period - Shot by Anze Kopitar.
19:21 of 3rd period - Shot Blocked by Jeff Carter.
19:53 of 3rd period - Shot by Brenden Morrow.
19:53 of 3rd period - Shot Misses the Net.
19:55 of 3rd period - Shot by Niklas Kronwall.
19:55 of 3rd period - Shot Misses the Net.
19:57 of 3rd period - Shot by Dan Boyle.
19:57 of 3rd period - Shot Blocked by Braydon Coburn.


Output by the SimonT Hockey Simulator (STHS) for Stephane Roy -- Original Page W3C XHTML 1.0 Valid